 Dungeon Crawl Stone Soup version 0.21.1-1-g345015fe64 (webtiles) character file.

68 HessuHobo the Skirmisher (level 4, 0/37 HPs)
             Began as a Demonspawn Abyssal Knight on May 23, 2018.
             Was a Believer of Lugonu.
             Slain by a gnoll
             ... wielding a cursed -1 spear
              (6 damage)
             ... on level 2 of the Dungeon.
             The game lasted 00:02:48 (2384 turns).

HessuHobo the Skirmisher (DsAK)                     Turns: 2384, Time: 00:02:48

Health: 0/37       AC:  6    Str: 14    XL:     4   Next: 1%
Magic:  5/5        EV:  9    Int: 13    God:    Lugonu [**....]
Gold:   25         SH:  0    Dex: 12    Spells: 3/3 levels left

rFire    . . .     SeeInvis .   a - +1 hand axe
rCold    . . .     Gourm    .   (no shield)
rNeg     . . .     Faith    .   f - +0 scale mail
rPois    .         Spirit   .   (helmet restricted)
rElec    .         Reflect  .   (no cloak)
rCorr    .         Harm     .   (no gloves)
MR       .....                  (no boots)
Stlth    ..........             (no amulet)
HPRegen  0.12/turn              (no ring)
MPRegen  0.09/turn              (no ring)

@: hasted, very quick
A: antennae 1
a: Depart the Abyss, Bend Space, Renounce Religion


You were on level 2 of the Dungeon.
You worshipped Lugonu.
Lugonu was pleased with you.
You were not hungry.

You visited 1 branch of the dungeon, and saw 2 of its levels.
You visited the Abyss 1 time.

You collected 25 gold pieces.

Inventory:

Hand Weapons
 a - a +1 hand axe (weapon)
Armour
 b - a +0 leather armour
 f - a +0 scale mail (worn)
 j - a +0 ring mail
Jewellery
 n - an uncursed ring of positive energy {unknown}
Scrolls
 c - a scroll of magic mapping {unknown}
 h - a scroll of teleportation {unknown}
 i - 3 scrolls of identify {unknown}
 k - a scroll of enchant armour {unknown}
 m - a scroll of fear {unknown}
Potions
 e - a potion of haste
 g - a potion of brilliance {unknown}
 l - a potion of ambrosia {unknown}
Comestibles
 d - a ration


   Skills:
 + Level 3.7 Fighting
 * Level 2.8 Axes
 * Level 2.4 Armour
 - Level 0.8 Dodging
 + Level 2.4 Invocations


You had 3 spell levels left.
You didn't know any spells.

Dungeon Overview and Level Annotations

Branches:
Dungeon (2/15)

Altars:
Uskayaw
Yredelemnul


Innate Abilities, Weirdness & Mutations

You have a pair of small antennae on your head.


Message History

You start resting.
A gnoll is nearby!
The gnoll hits you but does no damage. The gnoll barely misses you.
You slash the gnoll!
The gnoll is severely wounded.
The gnoll barely misses you. The gnoll closely misses you.
Your scale mail prevents you from hitting the gnoll.
The gnoll is severely wounded.
The gnoll hits you but does no damage.
You barely miss the gnoll.
The gnoll is severely wounded.
The gnoll barely misses you.
You barely miss the gnoll.
The gnoll is severely wounded.
The gnoll hits you with a spear.
* * * LOW HITPOINT WARNING * * *
You hit the gnoll but do no damage.
The gnoll is severely wounded.
The gnoll closely misses you. The gnoll hits you with a spear.
You die...

#.........<..#####.#
#..............#...#
#...........#..#)###
#.<...#####.#....#
..##.....# #.#...#######
.._#.†...# #...........##
..##.....#######............
.8###.##.#........######.###
## #.##.#.#####@## # ###
#.##.#.# #g# ..# #.##.#.#
#g# ..# #.##.#.# #g#
#.###......# #.#
#..........# #.#
#####.###..# #(# ...# #..#
#.# ##### #..#####.#


You could see 2 gnolls and a hobgoblin.

Vanquished Creatures
  A gnoll (D:2)
  An ooze (D:1)
  A worm (D:2)
  A dart slug (D:1)
  A leopard gecko (D:1)
  A ball python (D:1)
  6 bats
  10 goblins
  6 hobgoblins
  3 frilled lizards
  9 kobolds (D:1)
  3 rats (D:1)
43 creatures vanquished.

Notes
Turn   | Place    | Note
-------+----------+-------------------------------------------
     0 | Abyss:1  | HessuHobo the Demonspawn Abyssal Knight began the quest for the Orb.
     0 | Abyss:1  | Reached XP level 1. HP: 18/18 MP: 2/2
     2 | Abyss:1  | Found a corrupted altar of Lugonu.
    14 | D:1      | Escaped the Abyss
   436 | D:1      | Gained mutation: You have a pair of small antennae on your head. [demonic ancestry]
   436 | D:1      | Reached XP level 2. HP: 17/24 MP: 3/3
   738 | D:1      | Reached ** piety under Lugonu
   972 | D:1      | Reached XP level 3. HP: 24/29 MP: 4/4
  1680 | D:2      | Found a hide-covered altar of Uskayaw.
  1684 | D:2      | Found a basalt altar of Yredelemnul.
  2329 | D:2      | Reached XP level 4. HP: 22/37 MP: 5/5
  2384 | D:2      | Slain by a gnoll

Skill      XL: |  1  2 |
---------------+-------+-----
Axes           | 2 |  2.8
Armour         | 2 |  2.4
Fighting       | |  3.7
Dodging        | |  0.8
Invocations    | |  2.4

Action                   |  1- 3 |  4- 6 || total
-------------------------+-------+-------++-------
Melee: Hand axe          |   115 |     5 ||   120
  Use: Potion            |     2 |     1 ||     3
  Eat: Chunk             |     2 |       ||     2
       Ration            |     1 |       ||     1
Armor: Scale mail        |    58 |     4 ||    62
       Leather armour    |     1 |       ||     1
Dodge: Dodged            |    73 |     8 ||    81
